 Dungeon Crawl Stone Soup version 0.23-a0-356-g1757c6e (webtiles) character file.

14 Cryolive the Digger (level 2, -4/15 HPs)
             Began as a Gargoyle Earth Elementalist on Oct 21, 2018.
             Slain by a bullfrog skeleton (5 damage)
             ... on level 2 of the Dungeon.
             The game lasted 00:02:48 (1166 turns).

Cryolive the Digger (Gargoyle Earth Elementalist)   Turns: 1166, Time: 00:02:49

Health: -4/15      AC:  5    Str: 11    XL:     2   Next: 41%
Magic:  1/5        EV: 12    Int: 15    God:
Gold:   59         SH:  0    Dex: 10    Spells: 4/5 levels left

rFire    . . .     SeeInvis .   h - +0 dagger
rCold    . . .     Gourm    .   (no shield)
rNeg     + . .     Faith    .   c - +0 robe
rPois    ∞         Spirit   .   (no helmet)
rElec    +         Reflect  .   (no cloak)
rCorr    .         Harm     .   (no gloves)
MR       .....                  g - +0 pair of boots
Stlth    ++........             (no amulet)
HPRegen  0.05/turn              (no ring)
MPRegen  0.09/turn              (no ring)

@: no status effects
A: negative energy resistance 1, electricity resistance, unbreathing,
petrification resistance, rot immunity, AC +2
a: no special abilities


You were on level 2 of the Dungeon.
You were very hungry.

You visited 1 branch of the dungeon, and saw 2 of its levels.

You collected 59 gold pieces.

Inventory:

Hand Weapons
 h - a +0 dagger (weapon)
Missiles
 b - 80 stones (quivered)
Armour
 a - a +0 helmet of see invisible
 c - a +0 robe (worn)
 g - a +0 pair of boots (worn)
Jewellery
 f - an uncursed ring of wizardry {unknown}
Scrolls
 e - 5 scrolls of identify {unknown}
 i - a scroll of random uselessness {unknown}
 j - a scroll of enchant armour {unknown}
Potions
 k - a potion of heal wounds {unknown}
Comestibles
 d - a ration


   Skills:
 - Level 1.5 Dodging
 - Level 2.1 Stealth
 + Level 2.4 Spellcasting
   Level 0.7 Transmutations
 + Level 4.1 Earth Magic


You had 4 spell levels left.
You knew the following spells:

 Your Spells              Type           Power        Failure   Level  Hunger
a - Sandblast             Erth           ##....       3%          1    #......

Your spell library contained the following spells:

 Spells                   Type           Power        Failure   Level  Hunger
 Passwall                 Tmut/Erth      #.......     12%         2    ###....
 Stone Arrow              Conj/Erth      #.....       26%         3    ###....
 Petrify                  Tmut/Erth      #.......     61%         4    #####..
 Lee's Rapid Deconstruct  Erth           ##........   71%         5    ######.


Dungeon Overview and Level Annotations

Branches:
Dungeon (2/15)

Altars:


Innate Abilities, Weirdness & Mutations

You are resistant to torment.
Your stone body is resilient. (AC +2)
You are immune to poison.
You resist negative energy. (rN+)
You are resistant to electric shocks. (rElec)
You can survive without breathing.
You are immune to petrification.
You are immune to rotting.


Message History

b - 80 stones Tha bullfrog skeleton closely misses ye.
Ye hit tha bullfrog skeleton but do nay damage.
Tha bullfrog skeleton be moderately damaged.
Tha bullfrog skeleton hits ye.
Tha bullfrog skeleton barely misses ye.
Ye hit tha bullfrog skeleton.
Tha bullfrog skeleton be moderately damaged.
Tha bullfrog skeleton closely misses ye.
Ye hit tha bullfrog skeleton.
Tha bullfrog skeleton be heavily damaged.
Tha bullfrog skeleton hits ye but does nay damage.
Ye hit tha bullfrog skeleton.
Tha bullfrog skeleton be severely damaged.
Tha bullfrog skeleton closely misses ye.
Tha bullfrog skeleton hits ye.
* * * LOW HITPOINT WARNIN'
* * * Ye barely miss tha bullfrog skeleton.
Tha bullfrog skeleton be severely damaged.
Tha bullfrog skeleton hits ye.
Ye die...

..# .. #.# #..
## #.# #...
##.##.# #....
##...#.##...$.
#.............
#.Z........(.
#.##Z#
######.##@#
.......##.#
#......#
#...#### #.<.#
#.......#
#####.#...
#.......
#########


You could see a bullfrog skeleton.

Vanquished Creatures
  A worm (D:2)
  A bat (D:1)
  3 hobgoblins (D:1)
  A frilled lizard (D:1)
  2 kobolds (D:1)
  4 rats (D:1)
  6 fungi (D:1)
18 creatures vanquished.

Notes
Turn   | Place    | Note
-------+----------+-------------------------------------------
     0 | D:1      | Cryolive the Gargoyle Earth Elementalist began the quest
                  | for the Orb.
     0 | D:1      | Reached XP level 1. HP: 10/10 MP: 3/3
   680 | D:1      | Reached skill level 4 in Earth Magic
   680 | D:1      | Reached XP level 2. HP: 9/15 MP: 5/5
  1166 | D:2      | Slain by a bullfrog skeleton

Vault maps used:
D:1:      dpeg_arrival_prison
D:2:      lemuel_tele_altar, uniq_jessica, uniq_robin

Skill      XL: |  1 |
---------------+----+-----
Earth Magic    | 4 |  4.1
Dodging        | |  1.5
Stealth        | |  2.1
Spellcasting   | |  2.4
Transmutations | |  0.7

Action                   || total
-------------------------++-------
Melee: Unarmed           ||   226
       Dagger            ||    31
 Cast: Sandblast         ||     8
 Stab: Sleeping          ||     1
Armor: Robe              ||    10
Dodge: Dodged            ||    26

Table legend:
 A = Non-vault XP
 B = Vault XP
 C = Vault XP percentage of total XP
 D = Non-vault monster count
 E = Vault monster count
 F = Vault count percentage of total count
                 A         B        C        D         E       F
            +---------+---------+-------+---------+---------+-------
      Total |      18 |       2 |  10.0 |      10 |       2 |  16.7
            +---------+---------+-------+---------+---------+-------
        D:1 |      13 |       2 |  13.3 |       9 |       2 |  18.2
        D:2 |       5 |       0 |   0.0 |       1 |       0 |   0.0
            +---------+---------+-------+---------+---------+-------
